 Dungeon Crawl Stone Soup version 0.29.1-1-gd02db6906a (webtiles) character file.

Game seed: 426624141899712720

1626 LabCoat the Fighter (level 8, 0/111 HPs)
             Began as a Hill Orc Fighter on Oct 5, 2022.
             Was a Follower of Trog.
             Slain by a centaur (2 damage)
             ... on level 6 of the Dungeon.
             The game lasted 00:12:32 (5829 turns).

LabCoat the Fighter (Hill Orc Fighter)              Turns: 5829, Time: 00:12:33

Health: 0/111      AC:  8    Str: 25    XL:     8   Next: 97%
Magic:  8/8        EV: 11    Int:  8    God:    Trog [*.....]
Gold:   190        SH:  5    Dex: 14    Spells: 7/7 levels left

rFire   . . .      SeeInvis .   a - +1 war axe
rCold   . . .      Faith    +   c - +0 buckler
rNeg    . . .      Spirit   .   b - +3 scale mail "Lataelus" {Str+4 Dex+4}
rPois   .          Reflect  .   (no helmet)
rElec   .          Harm     .   (no cloak)
rCorr   .          Rampage  .   p - +0 pair of gloves
Will    +....                   (no boots)
Stlth   ..........              k - amulet of faith
HPRegen 0.28/turn               r - ring of willpower
MPRegen 0.11/turn               (no ring)

@: berserking (expiring), corroded, very quick
A: no striking features
a: Renounce Religion, Berserk


You were on level 6 of the Dungeon.
You worshipped Trog.
Trog was aware of your devotion.
You visited 2 branches of the dungeon, and saw 7 of its levels.

You collected 190 gold pieces.

Inventory:

Hand Weapons
 a - a +1 war axe (weapon)
 s - a +0 morningstar
Armour
 b - the +3 scale mail "Lataelus" (worn) {Str+4 Dex+4}
   (You found it on level 5 of the Dungeon)

   Str:       It affects your strength (+4).
   Dex:       It affects your dexterity (+4).
 c - a +0 buckler (worn)
 p - a +0 pair of gloves (worn)
Jewellery
 d - an amulet of magic regeneration
 h - a +6 ring of intelligence
 k - an amulet of faith (around neck)
 r - a ring of willpower (left hand)
Scrolls
 g - 2 scrolls of blinking
 j - a scroll of enchant weapon
Potions
 f - 3 potions of curing
 i - 3 potions of heal wounds
 l - 2 potions of mutation
 m - a potion of attraction {unknown}
 n - 2 potions of invisibility {unknown}
 o - 2 potions of flight


   Skills:
 * Level 8.0 Fighting
 + Level 6.6 Axes
 * Level 6.8 Armour
 + Level 3.1 Dodging
 + Level 5.6 Shields


You had 7 spell levels left.
You didn't know any spells.
Your spell library contained the following spells:

 Spells                   Type           Power      Damage    Failure   Level
 Freeze                   Ice            0%         1d3       77%         1
 Frozen Ramparts          Ice            0%         1d1       98%         3
 Hailstorm                Conj/Ice       0%         3d3       100%        4


Dungeon Overview and Level Annotations

Branches:
Dungeon (5/15)             Temple (1/1) D:4

Altars:
Ashenzari
Cheibriados
Dithmenos
Elyvilon
Fedhas
Gozag
Hepliaklqana
Kikubaaqudgha
Okawaru
Ru
Trog
Uskayaw
Vehumet
Xom
Yredelemnul
Zin
The Shining One

Shops:
D:1 :


Message History

The arrow hits the jelly!
The steam dragon bites you.
The steam dragon claws you but does no damage.
The jelly hits you. The acid corrodes you!
You are splashed with acid!
* * * LOW HITPOINT WARNING * * *
You slash the jelly!
You kill the jelly!
Trog accepts your kill.
You barely miss the steam dragon.
The centaur shoots an arrow.
The arrow hits you!
* * * LOW HITPOINT WARNING * * *
The steam dragon barely misses you. x2
You slash the steam dragon!
The steam dragon is almost dead.
The centaur shoots an arrow.
The arrow closely misses you. The steam dragon breathes steam at you.
The ball of steam hits you!
* * * LOW HITPOINT WARNING * * *
You feel a strong urge to attack something.
The steam dragon bites you.
* * * LOW HITPOINT WARNING * * *
The steam dragon claws you.
* * * LOW HITPOINT WARNING * * *
You closely miss the steam dragon.
The steam dragon is almost dead.
The steam dragon barely misses you. The steam dragon closely misses you.
You slash the steam dragon!
You kill the steam dragon!
Trog accepts your kill.
The centaur shoots an arrow.
The arrow closely misses you.
The water moccasin is engulfed in a cloud of scalding steam.
Your Fighting skill increases to level 8!
The centaur unwields a +0 shortbow.
The centaur barely misses you.
The centaur kicks you but does no damage.
You completely miss the centaur. You hit the water moccasin.
The centaur hits you but does no damage.
The centaur barely misses you.
The water moccasin bites you but does no damage.
You hit the centaur but do no damage. You slash the water moccasin!
The centaur hits you.
You die...

## ## ###.##
#.##....#
#.#.#.# #...###
##@...#
#######cS###
..Sc...........
#######....+...
#......# .
#......#
#......#
##....## #....#


You could see a water moccasin and a centaur.

Vanquished Creatures
  Pikel (D:5)
  Sigmund (D:2)
  A steam dragon (D:6)
  An ice beast (D:5)
  2 lemures (D:5)
  3 scorpions (D:5)
  A water moccasin skeleton (D:5)
  A jelly (D:6)
  A centaur zombie (D:5)
  2 hounds
  A gnoll bouda (D:5)
  An orc priest (D:5)
  A centaur skeleton (D:5)
  6 orc wizards
  A hound skeleton (D:5)
  3 gnolls (D:5)
  A howler monkey skeleton (D:5)
  6 adders
  2 shadow imps
  2 worms
  A dart slug (D:4)
  13 orcs
  3 ball pythons
  6 bats
  5 endoplasms
  4 giant cockroaches
  8 goblins
  3 hobgoblins
  2 quokkas
  A frilled lizard (D:3)
  4 kobolds
  4 rats
92 creatures vanquished.

Notes
Turn   | Place    | Note
-------+----------+-------------------------------------------
     0 | D:1      | LabCoat the Hill Orc Fighter began the quest for the Orb.
     0 | D:1      | Reached XP level 1. HP: 19/19 MP: 1/1
   153 | D:1      | Reached XP level 2. HP: 20/27 MP: 2/2
   855 | D:1      | Found Zomeukh's Book Emporium.
   954 | D:1      | Reached skill level 4 in Fighting
  1303 | D:2      | Reached XP level 3. HP: 33/33 MP: 3/3
  1363 | D:2      | Noticed Sigmund
  1380 | D:2      | Killed Sigmund
  1381 | D:2      | Reached skill level 5 in Fighting
  1381 | D:2      | Reached skill level 1 in Dodging
  1381 | D:2      | Reached XP level 4. HP: 3/42 MP: 4/4
  1381 | D:2      | Reached XP level 5. HP: 3/48 MP: 5/5
  2233 | D:3      | Reached XP level 6. HP: 54/56 MP: 6/6
  3242 | D:4      | Found a staircase to the Ecumenical Temple.
  3336 | Temple   | Entered the Ecumenical Temple
  3634 | Temple   | Became a worshipper of Trog the Wrathful
  4147 | D:4      | Reached skill level 5 in Axes
  4501 | D:5      | Entered Level 5 of the Dungeon
  4663 | D:5      | Reached XP level 7. HP: 40/62 MP: 7/7
  4855 | D:5      | Reached skill level 6 in Fighting
  4855 | D:5      | Reached skill level 5 in Armour
  5019 | D:5      | Identified the +3 scale mail "Lataelus" {Str+4 Dex+4}
  5060 | D:5      | Noticed Pikel
  5078 | D:5      | Killed Pikel
  5079 | D:5      | Reached skill level 7 in Fighting
  5079 | D:5      | Reached skill level 5 in Shields
  5079 | D:5      | Reached XP level 8. HP: 21/73 MP: 8/8
  5372 | D:5      | Reached * piety under Trog
  5786 | D:5      | You fall into a shaft and drop 1 floor!
  5824 | D:6      | HP: 3/111 [steam dragon (6)]
  5824 | D:6      | HP: 1/111 [steam dragon (2)]
  5827 | D:6      | Reached skill level 8 in Fighting
  5829 | D:6      | Slain by a centaur

Illustrated notes

Levels and vault maps discovered:
D:1:      giann_horns, layout_basic, serial_shops, shop, minmay_3d_cube
D:2:      layout_basic, hex_medium, uniq_sigmund
D:3:      layout_basic, roderic_lattice_a
D:4:      layout_basic, temple_statues
D:5:      minmay_spotlight, layout_basic, serial_undead, serial_undead_c,
          serial_undead_c, serial_undead_f, serial_undead_b, serial_undead_e,
          uniq_pikel, uniq_edmund
D:6:      layout_loops_ring, mainiacjoe_overflow_alcove_2,
          mainiacjoe_overflow_catwalk_spiral, serial_glass, glass_columns_a,
          glass_columns_c, kennysheep_dice, uniq_menkaure
Temple:   minmay_temple_bridge_d

Skill      XL: |  1  2  3  4  5  6  7  8 |
---------------+-------------------------+-----
Axes           | 3 4 5 6 |  6.6
Fighting       | 4 5 7 8 |  8.0
Dodging        | 1 2 3 |  3.1
Armour         | 4 5 6 |  6.8
Shields        | 4 5 |  5.6

Action                   |  1- 3 |  4- 6 |  7- 9 || total
-------------------------+-------+-------+-------++-------
Melee: War axe           |    92 |   130 |   121 ||   343
  Use: Scroll            |     2 |    10 |     4 ||    16
       Potion            |     1 |       |     3 ||     4
Armor: Scale mail        |    47 |    67 |    69 ||   183
Dodge: Dodged            |    54 |    65 |    71 ||   190
Block: Buckler           |    24 |    24 |    32 ||    80
